AoeStats
← 3249375863

Arena

508854079Analyzed
1v1 RM · 7d ago on Sep 24, 2026· 45m 55s· 2 players
Game mode
Random Map
Map size
Tiny (2 player)
Population
200
Speed
Normal
Resources
Standard
Victory
Conquest
Starting age
Dark Age
Ending age
Imperial Age
RankedLock teamsTeams togetherTeam positionsShared explorationLock speedFull tech treeHidden civsTurbo modeCheats
Victory
Defeat
🇭🇰 Burmese · Hong Kong SAR China
240
+12
🇨🇳 Bengalis · China
156
-12
3249375863
12:34 Feudal Age
15:13 Double-Bit Axe
18:47 Castle Age
28:50 Town Watch
31:37 Husbandry
31:30 Fletching
33:17 Bloodlines
34:22 Wheelbarrow
35:00 Horse Collar
40:21 Imperial Age
38:11 Paiks
38:44 Squires
39:43 Bow Saw
41:52 Conscription
41:50 Bodkin Arrow
45:18 Forging
45:09 Bracer
灰狼
11:31 Feudal Age
11:32 Loom
18:44 Stone Mining
18:46 Gold Mining
21:59 Forging
21:40 Fletching
21:51 Padded Archer Armor
27:35 Castle Age
28:06 Town Watch
29:58 Gold Shaft Mining
28:58 Pikeman
29:38 Squires
36:22 Imperial Age
35:05 Wheelbarrow
34:22 Crossbowman
35:31 Gambesons
40:49 Halberdier
Connection lost

Rejoining the realm…

Still unreachable

The connection could not be restored.

Session expired

The server has moved on; the page needs a fresh start.